Map: Ulrena

Players

Bunny

  • Race: Terran Terran

MaSa - Winner!

  • Race: Terran Terran

Event: DreamHack Open Tours WCS Spring Championship

VOD

Have the link to the VOD?

Description

Time

  • Played on: May 15, 2016, 9:04 a.m.
  • Length: 10:58

All games in this series

Show
View Real Time Build Order
Export as new Build Order

Bunny Terran 

Build Orders: 1/1/1, Bio Tank 

Get SALT Encoding   

  12  0:00  SCV  
  13  0:12  SCV  
  14  0:17  Supply Depot  
  14  0:24  SCV  
  15  0:39  SCV  
  15  0:40  Barracks  
  16  0:44  Refinery  
  16  0:51  SCV  
  16  0:54  Refinery  
  17  1:03  SCV  
  18  1:15  SCV  
  19  1:27  Orbital Command  
  19  1:28  Marine  
  20  1:35  Factory  
  20  1:46  Supply Depot  
  20  1:47  Marine  
  20  1:53  SCV  
  22  2:05  SCV, Barracks Reactor  
  23  2:14  Supply Depot  
  23  2:18  SCV  
  23  2:19  Factory Tech Lab  
  24  2:22  Starport  
  24  2:30  SCV  
  25  2:40  Siege Tank  
  25  2:42  SCV, Marine  
  25  2:43  Marine  
  31  2:50  Supply Depot  
  32  3:01  Viking  
  32  3:02  Marine  
  32  3:03  Marine  
  35  3:17  Siege Tank  
  40  3:32  Viking  
  40  3:39  Command Center  
  40  3:44  Marine x2  
  42  3:51  SCV  
  42  3:54  Supply Depot  
  43  4:03  SCV  
  44  4:17  Refinery  
  44  4:18  Viking x2  
  44  4:22  SCV  
  49  4:29  Siege Tank  
  52  4:37  SCV  
  53  4:44  Supply Depot  
  53  4:48  Viking  
  55  4:53  SCV  
  55  4:56  Orbital Command  
  56  5:04  Viking  
  58  5:07  Barracks Tech Lab  
  58  5:10  SCV  
  59  5:20  Viking  
  61  5:22  SCV  
  61  5:23  SCV  
  61  5:27  Marine, Stimpack  
  64  5:33  Siege Tank  
  67  5:36  SCV  
  67  5:37  SCV  
  67  5:42  Supply Depot  
  69  5:48  SCV  
  69  5:49  SCV  
  71  5:53  Supply Depot, Marine  
  68  5:59  Viking  
  68  6:00  SCV  
  68  6:03  Viking  
  71  6:04  SCV  
  72  6:11  Marine  
  72  6:12  SCV  
  72  6:14  Siege Tank  
  72  6:16  SCV  
  78  6:24  SCV  
  79  6:28  Command Center  
  79  6:34  Viking  
  79  6:38  Viking  
  83  6:40  Marine  
  83  6:42  SCV  
  83  6:43  SCV  
  86  6:57  Barracks x2  
  86  6:58  Marine  
  86  6:59  Siege Tank  
  86  7:16  Viking x2, Marine  
  86  7:21  SCV  
  92  7:28  SCV  
  90  7:31  Siege Tank  
  90  7:33  SCV  
  90  7:36  Refinery  
  94  7:38  Combat Shields  
  94  7:40  SCV, Marine  
  94  7:42  Orbital Command  
  94  7:44  Engineering Bay x2  
  96  7:45  SCV  
  96  7:46  Viking  
  96  7:51  Viking  
  101  7:55  SCV  
  101  7:57  SCV  
  104  7:59  Barracks Reactor  
  104  8:00  Barracks Reactor  
  103  8:07  SCV  
  103  8:09  SCV x2  
  106  8:19  SCV  
  107  8:20  Marine  
  107  8:21  SCV  
  107  8:22  Supply Depot  
  107  8:24  Supply Depot, SCV  
  107  8:25  Supply Depot, Terran Infantry Weapons Level 1, Terran Infantry Armor Level 1  
  109  8:31  SCV  
  109  8:33  SCV  
  107  8:36  SCV  
  107  8:37  Marine x3  
  103  8:45  Marine  
  103  8:46  Marine  
  94  8:50  Siege Tank  
  94  8:55  Marine x3  
  95  8:58  Medivac x2  
  98  9:03  Marine x2  
  95  9:13  Marine x3  
  94  9:20  SCV  
  94  9:21  SCV, Marine x2  
  94  9:23  Siege Tank  
  89  9:28  Missile Turret  
  89  9:30  Missile Turret  
  89  9:31  Marine x3  
  88  9:39  Medivac, Marine x2, Barracks  
  88  9:41  Barracks  
  88  9:42  Barracks  
  92  9:49  Refinery x2, Marine x3  
  95  9:57  Marine x2  
  97  10:05  Siege Tank  
  97  10:06  Marine  
  97  10:07  Marine x2  
  58  10:14  Marine  
  58  10:15  Marine  
  55  10:24  Marine x3  
  55  10:28  Marine  
  54  10:29  Marine  
  54  10:32  Marine x2  
Show
View Real Time Build Order
Export as new Build Order

MaSa Terran - Winner!

Build Orders: 1/1/1, Bio Tank 

Get SALT Encoding   

  12  0:00  SCV  
  13  0:12  SCV  
  14  0:17  Supply Depot  
  14  0:24  SCV  
  14  0:28  Refinery  
  15  0:39  SCV  
  16  0:45  Barracks  
  16  0:51  SCV  
  17  1:01  Refinery  
  17  1:03  SCV  
  18  1:15  SCV  
  19  1:27  SCV  
  20  1:34  Factory  
  20  1:36  Barracks Reactor  
  20  1:43  Orbital Command  
  20  1:55  Supply Depot  
  20  2:09  SCV  
  20  2:12  Marine x2  
  23  2:18  Starport  
  23  2:21  SCV, Widow Mine  
  26  2:30  Marine x2  
  26  2:34  Supply Depot  
  26  2:36  SCV  
  29  2:47  Marine  
  29  2:48  SCV  
  31  2:53  Factory Tech Lab  
  31  2:55  Marine  
  31  2:56  Viking  
  34  3:01  SCV  
  35  3:13  SCV  
  36  3:21  Factory Tech Lab  
  36  3:25  Command Center  
  36  3:32  Supply Depot  
  36  3:34  Raven  
  36  3:38  Marine  
  39  3:53  SCV, Siege Tank  
  43  3:56  Supply Depot  
  43  3:59  Marine  
  44  4:03  Marine  
  44  4:05  SCV  
  46  4:17  SCV  
  46  4:23  Refinery  
  47  4:26  Viking  
  47  4:27  Viking  
  47  4:30  SCV  
  52  4:32  Marine  
  53  4:42  SCV  
  53  4:45  Siege Tank  
  57  4:52  Orbital Command  
  57  4:54  SCV  
  58  5:00  Viking  
  58  5:05  Viking  
  62  5:07  Marine  
  63  5:14  Barracks  
  63  5:19  Stimpack  
  63  5:20  SCV  
  64  5:25  SCV, Marine  
  66  5:32  Supply Depot, Viking  
  68  5:37  Viking  
  70  5:45  Supply Depot  
  70  5:54  SCV x2  
  72  5:59  Marine  
  72  6:03  Barracks, Barracks Reactor  
  73  6:04  Siege Tank  
  73  6:06  SCV x2  
  73  6:07  Viking, Liberator  
  80  6:14  Engineering Bay  
  80  6:15  Supply Depot  
  80  6:23  SCV  
  80  6:25  Marine  
  85  6:26  SCV  
  86  6:37  Refinery, SCV  
  87  6:40  Supply Depot  
  87  6:41  Supply Depot  
  87  6:45  SCV  
  88  6:48  Marine x3  
  88  6:51  Siege Tank  
  94  6:59  Terran Infantry Weapons Level 1  
  94  7:01  SCV  
  94  7:02  Supply Depot  
  94  7:07  SCV  
  94  7:08  Marine x2  
  98  7:09  Barracks Reactor  
  98  7:15  SCV, Marine  
  100  7:23  Siege Tank  
  100  7:29  SCV, Marine x2  
  100  7:30  Combat Shields  
  100  7:33  Marine, Barracks  
  100  7:34  Viking  
  100  7:36  Barracks  
  103  7:39  Viking  
  103  7:42  SCV  
  103  7:43  SCV  
  107  7:48  Supply Depot  
  107  7:52  Marine  
  107  7:53  Marine  
  107  7:54  SCV  
  110  7:59  Siege Tank  
  110  8:04  Marine  
  110  8:05  Marine  
  115  8:06  Medivac  
  115  8:11  Medivac  
  117  8:13  Marine x2  
  119  8:21  Marine x2  
  119  8:22  Marine  
  122  8:32  Marine x2  
  122  8:34  Marine x2  
  119  8:36  Medivac, SCV  
  119  8:39  SCV, Marine x2  
  119  8:40  Marine  
  106  8:48  SCV  
  106  8:50  Marine x2  
  106  8:51  Marine x2  
  109  8:57  Marine x2  
  109  8:58  Marine  
  112  9:07  Marine  
  112  9:08  Marine  
  112  9:09  Medivac x2, Marine  
  119  9:12  Marine  
  119  9:14  Marine x2  
  119  9:16  Marine  
  107  9:25  Marine x2  
  107  9:27  Marine  
  111  9:32  Marine  
  111  9:34  Marine  
  111  9:38  Barracks Reactor x2  
  112  9:39  Medivac x2  
  112  9:43  Marine x2  
  112  9:45  Marine  
  119  9:47  Siege Tank  
  119  9:50  Marine  
  119  9:51  Marine  
  124  10:01  Marine x2  
  124  10:06  Marine  
  120  10:08  Marine  
  120  10:09  Marine  
  118  10:14  Marine x3  
  118  10:16  Medivac  
  118  10:19  Siege Tank  
  118  10:20  Marine  
  125  10:23  Marine  
  125  10:24  Marine x2  
  125  10:30  Supply Depot  
  125  10:32  Supply Depot  
  125  10:33  Marine  

Tags
 
Add a new tag
Caveats
  • Supply blocks, unpowered buildings, or Contaminate may cause inaccurate times.
  • Supply counts are checked every 10 seconds.